 Dungeon Crawl Stone Soup version 0.27.0-1-g7a089689b8 (webtiles) character file.

Game seed: 12565868785382530310

373 sasquatch the Distorting Ant (level 7, -13/52 HPs)
             Began as a Formicid Abyssal Knight on Aug 10, 2021.
             Was a Believer of Lugonu.
             Mangled by an ogre (24 damage)
             ... on level 4 of the Dungeon.
             The game lasted 00:07:24 (4711 turns).

sasquatch the Distorting Ant (FoAK)                 Turns: 4711, Time: 00:07:24

Health: -13/52     AC:  6    Str: 18    XL:     7   Next: 2%
Magic:  9/11       EV:  9    Int: 12    God:    Lugonu [**....]
Gold:   135        SH:  0    Dex: 10    Spells: 6/6 levels left

rFire    . . .     SeeInvis +   a - +1 hand axe
rCold    . . .     Faith    .   (no shield)
rNeg     . . .     Spirit   .   u - +0 scale mail
rPois    .         Reflect  .   (helmet unavailable)
rElec    .         Harm     .   (no cloak)
rCorr    .         Rampage  .   (no gloves)
Will     .....                  (no boots)
Stlth    ..........             (no amulet)
HPRegen  0.17/turn              q - ring of flight
MPRegen  0.12/turn              (no ring)

@: flying
A: permanent stasis, dig shafts and tunnels, antennae 3, four strong arms
a: Dig, Shaft Self, Renounce Religion, Depart the Abyss, Bend Space


You were on level 4 of the Dungeon.
You worshipped Lugonu.
Lugonu was pleased with you.
You visited 1 branch of the dungeon, and saw 4 of its levels.
You visited the Abyss 1 time.

You collected 135 gold pieces.

Inventory:

Hand Weapons
 a - a +1 hand axe (weapon)
 l - a +0 short sword of electrocution
Missiles
 c - 2 curare-tipped darts (quivered)
Armour
 u - a +0 scale mail (worn)
Jewellery
 q - a ring of flight (left hand)
Wands
 p - a wand of mindburst (7)
Scrolls
 b - a scroll of holy word {unknown}
 f - a scroll of teleportation {unknown}
 g - a scroll of acquirement {unknown}
 i - 2 scrolls of vulnerability {unknown}
 j - a scroll of identify {unknown}
 n - a scroll of noise {unknown}
 r - 2 scrolls of immolation {unknown}
 s - a scroll of blinking {unknown}
Potions
 d - 2 potions of curing {unknown}
 e - a potion of attraction {unknown}
 h - 2 potions of haste {unknown}
 k - 2 potions of ambrosia {unknown}
 m - a potion of heal wounds {unknown}
 o - a potion of magic {unknown}
 t - a potion of brilliance {unknown}


   Skills:
 - Level 3.2 Fighting
 + Level 5.0 Axes
 - Level 2.1 Armour
 - Level 0.8 Dodging
 + Level 6.0 Invocations


You had 6 spell levels left.
You didn't know any spells.
Your spell library contained the following spells:

 Spells                   Type           Power      Damage    Failure   Level
 Ignite Poison            Fire/Tmut/Pois 0%         N/A       97%         3
 Mephitic Cloud           Conj/Pois/Air  0%         N/A       97%         3
 Bolt of Magma            Conj/Fire/Erth 0%         4d4       100%        5


Dungeon Overview and Level Annotations

Branches:
Dungeon (4/15)
 Temple: D:4-7

Altars:
Ru


Innate Abilities, Weirdness & Mutations

You cannot be hasted, slowed, berserked, paralysed or teleported.
You can dig through walls and to a lower floor.
You have a pair of large antennae on your head. (SInv)
Your four strong arms can wield two-handed weapons with a shield.


Message History

You escape the ball python's grasp.
You fly upwards.
There is a stone staircase leading down here.
You closely miss the ball python. The ball python closely misses you.
The ball python barely misses you. The ball python completely misses you.
The ball python barely misses you.
You slash the ball python!
You kill the ball python!
Lugonu accepts your kill.
No target in view!
No target in view!
You start resting.
HP restored.
You fly downwards.
The ogre hits you with a +0 giant club!
There is a stone staircase leading up, spattered with blood here.
You hit the ogre.
The ogre is moderately wounded.
The ogre closely misses you.
You hit the ogre but do no damage.
The ogre is moderately wounded.
The ogre barely misses you.
You barely miss the ogre.
The ogre is moderately wounded.
The ogre closely misses you.
You completely miss the ogre.
The ogre is moderately wounded.
The ogre closely misses you.
You hit the ogre.
The ogre is heavily wounded.
You completely miss the ogre.
The ogre is heavily wounded.
The ogre misses you.
You hit the ogre.
The ogre is heavily wounded.
The ogre hits you with a +0 giant club!!
* * * LOW HITPOINT WARNING * * *
Space bends around you!
You blink.
Space bends sharply around you!
You blink.
The ogre hits you with a +0 giant club!!
You die...

###.#######.############...####.#
#.## #...# #...# #.# #..# #...#
#...# #.. ####.# #...# ##########
.....# #...# #.... .....# ###.#
##.#. .....# #.# #.#.
.....######.####### #.#.
..............§O@<# #.##
....#.#####.####### #.#. ....#.#
#.# #.#. ....#.. #.# #.#.
##.###.# #.# #.#. ..# .# #.#
####.#. #### .. #+# #....#. #.
#....#. #....'.


You could see an ogre.

Vanquished Creatures
  A necrophage (D:4)
  A scorpion (D:4)
  Ijyb (D:3)
  Jessica (D:3)
  Natasha (thrice) (D:3)
  An adder (D:1)
  A dart slug (D:1)
  5 ball pythons
  9 endoplasms
  6 giant cockroaches (D:1)
  7 goblins
  12 hobgoblins
  12 jackals
  8 kobolds
  3 quokkas
  8 bats
  2 frilled lizards (D:1)
  4 rats
85 creatures vanquished.

Vanquished Creatures (others)
  2 fungi (D:1)
2 creatures vanquished.

Grand Total: 87 creatures vanquished

Notes
Turn   | Place    | Note
-------+----------+-------------------------------------------
     0 | Abyss:1  | sasquatch the Formicid Abyssal Knight began the quest for
                  | the Orb.
     0 | Abyss:1  | Reached XP level 1. HP: 18/18 MP: 2/2
    46 | Abyss:1  | Noticed a freezing wraith
    47 | D:1      | Escaped the Abyss
   142 | D:1      | Reached XP level 2. HP: 24/24 MP: 3/3
   178 | D:1      | Reached * piety under Lugonu
   348 | D:1      | Reached skill level 3 in Invocations
   410 | D:1      | Reached XP level 3. HP: 29/29 MP: 5/5
   531 | D:1      | Found a faded altar of an unknown god.
   920 | D:1      | Reached XP level 4. HP: 34/35 MP: 6/6
  2330 | D:1      | Reached skill level 4 in Invocations
  2600 | D:3      | Noticed Natasha
  2611 | D:3      | Killed Natasha
  2612 | D:3      | Reached XP level 5. HP: 29/41 MP: 8/8
  2745 | D:3      | Noticed Natasha
  2756 | D:3      | Killed Natasha
  2941 | D:3      | Noticed Natasha
  2991 | D:3      | Killed Natasha
  2991 | D:3      | Reached ** piety under Lugonu
  3221 | D:3      | Noticed Jessica
  3222 | D:3      | Noticed Ijyb
  3629 | D:3      | Killed Jessica
  3630 | D:3      | Reached skill level 5 in Invocations
  3630 | D:3      | Reached XP level 6. HP: 37/47 MP: 9/9
  3761 | D:3      | Killed Ijyb
  4100 | D:3      | Found a sacrificial altar of Ru.
  4336 | D:4      | Noticed a necrophage
  4355 | D:4      | Killed a necrophage
  4356 | D:4      | Reached skill level 5 in Axes
  4356 | D:4      | Reached skill level 6 in Invocations
  4356 | D:4      | Reached XP level 7. HP: 46/52 MP: 11/11
  4711 | D:4      | Mangled by an ogre

Illustrated notes

Levels and vault maps discovered:
D:1:      dpeg_arrival_prison, layout_loops_ring,
          chequers_ecumenical_altar_simple_redux, minmay_cut_off
D:2:      layout_basic
D:3:      layout_loops_cross, mainiacjoe_overflow_alcove_2, minmay_diced_spiral,
          uniq_jessica, uniq_natasha, uniq_ijyb
D:4:      layout_basic, uniq_pikel

Skill      XL: |  1  2  3  4  5  6 |
---------------+-------------------+-----
Invocations    | 3 4 5 6 |  6.0
Axes           | 3 4 5 |  5.0
Fighting       | |  3.2
Armour         | |  2.1
Dodging        | |  0.8

Action                   |  1- 3 |  4- 6 |  7- 9 || total
-------------------------+-------+-------+-------++-------
Melee: Hand axe          |   100 |   167 |    13 ||   280
Throw: Dart              |       |     3 |       ||     3
Invok: Depart the Abyss  |     1 |       |       ||     1
       Bend Space        |       |       |     3 ||     3
 Abil: Dig               |       |     4 |       ||     4
 Stab: Sleeping          |     1 |     1 |       ||     2
Armor: Leather armour    |    28 |     6 |       ||    34
       Ring mail         |       |    45 |       ||    45
       Scale mail        |       |     5 |       ||     5
Dodge: Dodged            |    58 |    84 |    12 ||   154
